 Dungeon Crawl Stone Soup version 0.28-a0-46-g7b1be97da7 (webtiles) character file.

Game seed: 7430577651306495742

57043 robertstho the Protected (level 14, -6/115 HPs)
             Began as a Troll Berserker on July 29, 2021.
             Was a High Priest of Trog.
             Mangled by a thrashing horror (14 damage)
             ... on level 6 of the Lair of Beasts.
             The game lasted 00:32:38 (16600 turns).

robertstho the Protected (Troll Berserker)         Turns: 16600, Time: 00:32:39

Health: -6/115     AC: 33    Str: 30    XL:     14   Next: 44%
Magic:  0/10       EV:  5    Int:  4    God:    Trog [*****.]
Gold:   726        SH:  0    Dex:  5    Spells: 13/13 levels left

rFire   + . .      SeeInvis +   A - +8 mace of Destiny {venom, rCorr SInv}
rCold   + . .      Faith    .   (no shield)
rNeg    + . .      Spirit   +   x - +10 gold dragon scales "Iphytwau" {Rampage rElec rPois rF+ rC+ Int+3}
rPois   +          Reflect  .   (helmet restricted)
rElec   +          Harm     .   p - +0 cloak
rCorr   +          Rampage  +   (gloves unavailable)
Will    +++..                   (boots unavailable)
Stlth   ..........              J - amulet of guardian spirit
HPRegen 1.00/turn               c - ring of positive energy
MPRegen 0.12/turn               i - ring of resist corrosion

@: strong-willed, unable to read, on berserk cooldown, regenerating, badly
diseased, hasted and slowed
A: large, unfitting armour, claws 3, regeneration 1, shaggy fur 1, tough skin 1,
[clumsy 2], [dopey 2], [frail 2], [low mp 2], [screaming 2], [subdued magic 2],
[inability to read while threatened]
a: Renounce Religion, Berserk, Trog's Hand, Brothers in Arms


You were on level 6 of the Lair of Beasts.
You worshipped Trog.
Trog was extremely pleased with you.
You visited 2 branches of the dungeon, and saw 16 of its levels.
You visited the Abyss 1 time.

You collected 1032 gold pieces.
You spent 306 gold pieces at shops.

Inventory:

Hand Weapons
 q - a +1 great mace of flaming
 y - a +0 demon whip of electrocution
 A - the +8 mace of Destiny (weapon) {venom, rCorr SInv}
   (You took it off a centaur on level 9 of the Dungeon)

   It poisons the flesh of those it strikes.
   SInv:      It lets you see invisible.
   rCorr:     It protects you from acid and corrosion.
Armour
 p - a +0 cloak (worn)
 x - the +10 gold dragon scales "Iphytwau" (worn) {Rampage rElec rPois rF+ rC+ Int+3}
   (You acquired it on level 4 of the Dungeon)

   Int:       It affects your intelligence (+3).
   rF:        It protects you from fire.
   rC:        It protects you from cold.
   rElec:     It insulates you from electricity.
   rPois:     It protects you from poison.
   Rampage:   It bestows one free step when moving towards enemies.
Jewellery
 b - an amulet of regeneration
 c - a ring of positive energy (left claw)
 i - a ring of resist corrosion (right claw)
 u - an amulet of reflection
 v - a ring of willpower
 J - an amulet of guardian spirit (around neck)
Wands
 m - a wand of iceblast (21)
 n - a wand of digging (12)
 s - a wand of acid (10)
 H - a wand of mindburst (6)
Scrolls
 a - 2 scrolls of fear
 e - 8 scrolls of teleportation
 f - 4 scrolls of enchant armour
 g - a scroll of immolation
 h - 2 scrolls of identify
 k - 3 scrolls of enchant weapon
 t - a scroll of vulnerability
 w - a scroll of magic mapping
 B - 2 scrolls of fog
Potions
 d - 4 potions of attraction
 j - 6 potions of flight
 l - 2 potions of magic
 r - a potion of lignification
 z - a potion of might
 C - a potion of haste
 D - 2 potions of resistance
 G - a potion of cancellation
 K - a potion of ambrosia
Miscellaneous
 L - a box of beasts (inert)


   Skills:
 * Level 10.7 Fighting
 + Level 9.8 Maces & Flails
 * Level 14.0 Armour
 + Level 6.4 Dodging
 + Level 2.4 Stealth
 + Level 3.9 Shields
 + Level 11.1 Unarmed Combat
 + Level 0.2 Evocations


You had 13 spell levels left.
You didn't know any spells.
Your spell library was empty.

Dungeon Overview and Level Annotations

Branches:
Dungeon (10/15)            Temple (0/1) D:7            Lair (6/6) D:9
 Shoals (0/4) Lair:2       Spider (0/4) Lair:4        Slime (0/5) Lair:5
    Orc: D:9-12

Altars:
Ashenzari
Cheibriados
Fedhas
Nemelex Xobeh
Okawaru
The Shining One
Jiyva

Shops:
D:4 (=**=

Annotations:
D:4 704 amulet, scroll shop


Innate Abilities, Weirdness & Mutations

You are too large for most types of armour.
You have claws for hands.
Your natural rate of healing is unusually fast.
You are covered in fur. (AC +1)
You have tough skin. (AC +1)
[You are very clumsy. (Dex -4)]
[You are very dopey. (Int -4)]
[You are very frail. (-20% HP)]
[Your magical capacity is very low. (-20% MP)]
[You frequently scream uncontrollably at your foes.]
[Your spells are easier to cast, but less powerful.]
[You sometimes lose the ability to read scrolls when taking damage.]


Message History

The thrashing horror closely misses you. x2
The small abomination hits you but does no damage.
The ancient zyme hits you but does no damage.
The ancient zyme hits you.
* * * LOW HITPOINT WARNING * * *
You feel ill.
The thrashing horror completely misses you.
The thrashing horror tramples you but does no damage.
The small abomination hits you but does no damage.
The ancient zyme closely misses you.
The ancient zyme hits you but does no damage.
Unknown command.
You cannot read scrolls in your current state!
You feel better.
The thrashing horror tramples you but does no damage. x2
The small abomination hits you!
* * * LOW HITPOINT WARNING * * *
The ancient zyme hits you but does no damage.
The ancient zyme hits you.
* * * LOW HITPOINT WARNING * * *
You feel ill. The small abomination hits you.
* * * LOW HITPOINT WARNING * * *
You feel better. The thrashing horror barely misses you.
The thrashing horror tramples you but does no damage. x2
The thrashing horror tramples you.
* * * LOW HITPOINT WARNING * * *
You hold your ground!
The ancient zyme hits you but does no damage. x2
The small abomination hits you but does no damage.
The ancient zyme hits you but does no damage. x2
You cannot read scrolls in your current state!
You feel yourself speed up.
The thrashing horror tramples you but does no damage. x2
The small abomination hits you but does no damage.
The ancient zyme hits you but does no damage.
The ancient zyme barely misses you.
The small abomination hits you but does no damage.
Unknown command.
The thrashing horror tramples you!
You die...

♣♣.♣♣
♣...♣♣
♣♣♣
♣♣...♣♣ ♣
♣....♣ ♣
♣....♣ ♣
♣♣...♣♣ ♣
♣♣....♣ ♣
♣.....♣
♣..♣♣.X♣♣
♣.. ♣.x@♣
♣.♣ ♣♣.:♣
.. ♣♣x♣
♣♣ ♣x♣


xY♣ ♣Y♣♣ ♣. ♣ .. ♣♣ .. You could see 2 elephants, an ancient zyme, a thrashing
horror (strong) and 3 small abominations.

Vanquished Creatures
  A tentacled starspawn (Abyss:1)
  A deep elf elementalist (Abyss:1)
  A very ugly thing (Abyss:1)
  Josephine (Lair:4)
  A great orb of eyes (D:9)
  5 hydras
  2 boulder beetles
  2 catoblepae (Lair:4)
  2 two-headed ogres (D:9)
  A vampire mage (Abyss:1)
  Nergalle (Lair:2)
  A wretched star (Abyss:1)
  A lindwurm (Lair:6)
  Pikel (D:5)
  An ugly thing (Lair:6)
  A worldbinder (Abyss:1)
  13 elephants
  4 black mambas
  An apocalypse crab (Abyss:1)
  9 cane toads
  An efreet (Abyss:1)
  10 komodo dragons
  4 rime drakes
  A hornet (D:9)
  3 meliai (D:10)
  2 polar bears
  A large abomination (Abyss:1)
  2 hornets (shapeshifter) (Lair:6)
  28 blink frogs
  11 dream sheep
  Sigmund (D:4)
  A redback (Lair:4)
  A shadow (D:10)
  A vampire (D:9)
  Eustachio (D:5)
  5 wraiths
  4 wyverns
  A ynoxinul (Abyss:1)
  27 yaks
  2 chaos spawn (Lair:6)
  9 basilisks
  3 steam dragons
  Edmund (D:4)
  8 small abominations
  9 water moccasins
  Duvessa (D:5)
  A sky beast (D:7)
  5 orc warriors
  2 necrophages
  2 ice beasts
  A swamp drake (D:9)
  4 ogres
  12 wolves
  9 centaurs
  2 lemures (D:5)
  4 kobold brigands
  13 bullfrogs
  2 scorpions
  Dowan (D:5)
  7 wights
  5 electric eels (Lair:3)
  A lava snake (D:8)
  A howler monkey (D:6)
  A bullfrog zombie (D:6)
  A quasit (Abyss:1)
  3 centaur zombies
  A jelly (D:6)
  2 gnoll shamans
  Crazy Yiuf (D:4)
  An orc priest (D:9)
  3 centaur skeletons
  3 hounds
  A bullfrog skeleton (D:7)
  2 iguanas
  3 orc wizards
  A hell rat (Lair:6)
  2 killer bee zombies
  2 hound zombies (D:5)
  A hound skeleton (D:4)
  2 howler monkey zombies (D:9)
  5 gnolls (D:5)
  4 adders
  A shadow imp (D:6)
  A white imp (D:6)
  An ufetubus (D:5)
  A worm (D:2)
  2 dart slugs (D:4)
  18 orcs
  10 endoplasms
  5 giant cockroaches
  6 goblins
  8 hobgoblins
  13 jackals
  3 quokkas
  7 ball pythons
  6 bats
  4 frilled lizards
  18 kobolds
  6 rats
  2 starspawn tentacles (Abyss:1)
411 creatures vanquished.

Vanquished Creatures (collateral kills)
  A tentacled starspawn (Abyss:1)
  A balrug (Abyss:1)
  A hydra (Lair:1)
  A death knight (D:9)
  A wretched star (Lair:6)
  A blink frog (Lair:1)
  3 small abominations
  A spriggan (Lair:6)
  2 basilisks
  An orc warrior (D:9)
  6 starcursed masses (Abyss:1)
  6 hell rats (Lair:6)
  A starspawn tentacle (Abyss:1)
26 creatures vanquished.

Vanquished Creatures (others)
  14 fungi
  23 plants
  4 starspawn tentacles (Abyss:1)
41 creatures vanquished.

Grand Total: 478 creatures vanquished

Notes
Turn   | Place    | Note
-------+----------+-------------------------------------------
     0 | D:1      | robertstho the Troll Berserker began the quest for the Orb.
     0 | D:1      | Reached XP level 1. HP: 22/22 MP: 0/0
   120 | D:1      | Reached XP level 2. HP: 29/29 MP: 1/1
   308 | D:1      | Reached XP level 3. HP: 32/36 MP: 2/2
   336 | D:1      | Reached ** piety under Trog
   752 | D:2      | Found a blossoming altar of Fedhas.
   778 | D:2      | Found a faded altar of an unknown god.
  1428 | D:3      | Reached XP level 4. HP: 45/45 MP: 3/3
  1525 | D:3      | Reached *** piety under Trog
  1680 | D:4      | Noticed Edmund
  1692 | D:4      | Killed Edmund
  1693 | D:4      | Reached skill level 1 in Armour
  1693 | D:4      | Reached XP level 5. HP: 53/53 MP: 4/4
  1733 | D:4      | Found Zaofrim's Weapon Shoppe.
  1754 | D:4      | Noticed Sigmund
  1763 | D:4      | Killed Sigmund
  1764 | D:4      | Reached skill level 5 in Unarmed Combat
  1764 | D:4      | Reached XP level 6. HP: 61/61 MP: 5/5
  1860 | D:4      | Found Elusiaja's Jewellery Boutique.
  2028 | D:4      | Found Taklucs Jira's Jewellery Emporium.
  2054 | D:4      | Found Zyuzidoll's General Store.
  2204 | D:4      | Found a runed translucent door.
  2205 | D:4      | Noticed Crazy Yiuf
  2244 | D:4      | Found Igiwn's General Store.
  2252 | D:4      | Bought a potion of curing for 36 gold pieces
  2252 | D:4      | Bought a scroll of identify for 24 gold pieces
  2252 | D:4      | Bought a potion of degeneration for 12 gold pieces
  2252 | D:4      | Bought a scroll of amnesia for 42 gold pieces
  2524 | D:4      | Killed Crazy Yiuf
  2525 | D:4      | Reached skill level 2 in Armour
  2525 | D:4      | Reached XP level 7. HP: 67/67 MP: 6/6
  2581 | D:5      | Entered Level 5 of the Dungeon
  2839 | D:5      | Noticed Duvessa
  2841 | D:5      | Noticed Dowan
  2846 | D:5      | Killed Duvessa
  2847 | D:5      | Reached skill level 1 in Stealth
  2852 | D:5      | Killed Dowan
  3206 | D:5      | Reached XP level 8. HP: 78/78 MP: 7/7
  3213 | D:5      | Reached **** piety under Trog
  3240 | D:5      | Reached skill level 3 in Armour
  3252 | D:5      | Noticed Pikel
  3267 | D:5      | Killed Pikel
  3454 | D:5      | Noticed Eustachio
  3465 | D:5      | Killed Eustachio
  4023 | D:6      | Found a broken altar of Ashenzari.
  4049 | D:6      | Reached XP level 9. HP: 82/87 MP: 8/8
  4113 | D:6      | Reached skill level 5 in Fighting
  4317 | D:6      | Reached skill level 4 in Armour
  4317 | D:6      | Reached skill level 5 in Dodging
  5041 | D:7      | Found a staircase to the Ecumenical Temple.
  6324 | D:8      | Found a sparkling altar of Nemelex Xobeh.
  6462 | D:8      | Reached XP level 10. HP: 53/98 MP: 9/9
  7196 | D:9      | Reached skill level 5 in Armour
  7196 | D:9      | Reached skill level 1 in Shields
  7226 | D:9      | Reached skill level 10 in Unarmed Combat
  7412 | D:9      | Noticed a two-headed ogre
  7418 | D:9      | Killed a two-headed ogre
  7505 | D:9      | Reached ***** piety under Trog
  7614 | D:9      | Noticed a two-headed ogre
  7621 | D:9      | Killed a two-headed ogre
  7653 | D:9      | Identified the +8 mace of Destiny {venom, rCorr SInv}
  7657 | D:9      | Noticed a death knight
  7658 | D:9      | Noticed a great orb of eyes
  8316 | D:9      | Found a staircase to the Lair.
  8532 | D:9      | Reached skill level 1 in Maces & Flails
  8532 | D:9      | Reached XP level 11. HP: 85/107 MP: 10/10
  8573 | D:9      | Killed a great orb of eyes
  8734 | D:9      | Reached skill level 6 in Armour
  8771 | D:9      | Killed a death knight
  9034 | D:4      | Bought a scroll of identify for 24 gold pieces
  9034 | D:4      | Bought a potion of invisibility for 96 gold pieces
  9034 | D:4      | Bought 2 potions of curing for 72 gold pieces
  9034 | D:4      | Identified 2 scrolls of acquirement
  9036 | D:4      | Acquired a manual of Armour
  9038 | D:4      | Acquired the +10 gold dragon scales "Iphytwau" {Rampage
                  | rElec rPois rF+ rC+ Int+3}
  9206 | D:10     | Entered Level 10 of the Dungeon
  9298 | D:10     | Found a snail-covered altar of Cheibriados.
  9363 | D:10     | Reached skill level 7 in Armour
  9622 | D:10     | Found a glowing golden altar of the Shining One.
  9803 | Lair:1   | Entered Level 1 of the Lair of Beasts
  9860 | Lair:1   | Received a gift from Trog
  9883 | Lair:1   | Reached skill level 5 in Maces & Flails
  9895 | Lair:1   | Reached skill level 8 in Armour
 10107 | Lair:1   | Noticed a seven-headed hydra
 10126 | Lair:1   | Killed a seven-headed hydra
 10155 | Lair:1   | Reached XP level 12. HP: 107/119 MP: 11/11
 10668 | Lair:2   | Found a staircase to the Shoals.
 10669 | Lair:2   | Noticed a boulder beetle
 10682 | Lair:2   | Reached skill level 9 in Armour
 10685 | Lair:2   | Killed a boulder beetle
 10733 | Lair:2   | Noticed Nergalle
 10744 | Lair:2   | Killed Nergalle
 10937 | Lair:2   | Reached skill level 10 in Armour
 11134 | Lair:2   | Noticed a five-headed hydra
 11141 | Lair:2   | Killed a five-headed hydra
 11568 | Lair:3   | Noticed a six-headed hydra
 11574 | Lair:3   | Killed a six-headed hydra
 11604 | Lair:3   | Reached skill level 11 in Armour
 12546 | Lair:4   | Noticed Josephine
 12573 | Lair:4   | Killed Josephine
 12599 | Lair:4   | Reached XP level 13. HP: 87/130 MP: 12/12
 12669 | Lair:4   | Found a hole to the Spider Nest.
 13050 | Lair:4   | Identified the +1 helmet of Qokeg {+Blink Str-4 Dex+7}
 13055 | Lair:4   | Reached skill level 12 in Armour
 13806 | Lair:5   | Found a staircase to the Slime Pits.
 14125 | Lair:5   | Reached skill level 13 in Armour
 14193 | Lair:5   | Found an iron altar of Okawaru.
 14540 | Lair:5   | Found a viscous altar of Jiyva.
 14830 | Lair:6   | Entered Level 6 of the Lair of Beasts
 15316 | Lair:6   | Reached skill level 10 in Fighting
 15684 | Lair:6   | Reached XP level 14. HP: 122/142 MP: 10/13
 15783 | Lair:6   | Received a gift from Trog
 15785 | Lair:6   | Cast into level 1 of the Abyss (spriggan)
 15916 | Abyss:1  | Noticed a deep elf elementalist
 15928 | Abyss:1  | Killed a deep elf elementalist
 15977 | Abyss:1  | Noticed a tentacled starspawn
 15994 | Abyss:1  | Killed a tentacled starspawn
 16035 | Abyss:1  | Noticed a cyan very ugly thing
 16046 | Abyss:1  | Killed a cyan very ugly thing
 16204 | Abyss:1  | Noticed a balrug
 16207 | Abyss:1  | Killed a balrug
 16214 | Abyss:1  | Noticed a tentacled starspawn
 16221 | Abyss:1  | Killed a tentacled starspawn
 16263 | Abyss:1  | Found a corrupted altar of Lugonu.
 16263 | Abyss:1  | Noticed a bone dragon
 16300 | Abyss:1  | HP: 6/144 [spatial maelstrom (4)]
 16440 | Abyss:1  | Reached skill level 14 in Armour
 16442 | Lair:6   | Escaped the Abyss
 16597 | Lair:6   | HP: 5/115 [ancient zyme (2)]
 16597 | Lair:6   | HP: 2/115 [small abomination (3)]
 16600 | Lair:6   | Mangled by a thrashing horror

Illustrated notes

Levels and vault maps discovered:
D:1:      ebering_hopf_link, layout_loops_cross, due_unseen_surprise
D:2:      minmay_evil_eye, layout_rooms, basic_altar,
          ebering_ecumenical_altar_petrified, minmay_misc_feat_nine_boxes
D:3:      layout_loops_ring
D:4:      layout_basic, serial_shops, shop, nicolae_shop_stone, shop,
          nicolae_take_the_stairs, nicolae_diamond_shop, kennysheep_dice,
          uniq_sigmund, uniq_crazy_yiuf_cottage, uniq_edmund
D:5:      layout_layer_cave, uniq_eustachio, uniq_duvessa, uniq_pikel
D:6:      layout_loops_corners, nicolae_overflow_crystal_walls,
          supply_closet_lemuel, nicolae_sextant
D:7:      layout_basic, minmay_temple_entry_butterflies
D:8:      layout_layer_cave, mainiacjoe_overflow_24_doors,
          kennysheep_decorative_pillar, kennysheep_opposing_triangles
D:9:      layout_roguey, erik_lair_dragon, nzn_random_ring
D:10:     layout_gridville, cheibriados_altar_1, overflow_temple_1_default
Lair:1:   layout_hall_layers, minivault_27, serial_bayou_shore_b,
          grunt_megastairs_2
Lair:2:   layout_gridlike, elwin_shoals_entry_rocks,
          chequers_serial_rivers_large_a, infiniplex_staircase_pool_2,
          uniq_nergalle
Lair:3:   layout_regular_city, serial_bayou, serial_bayou_lagoon_b,
          serial_bayou_crossing, serial_bayou_lake_a, serial_bayou_pond_a
Lair:4:   layout_cave_pods, spider_nest_entry_webs, minmay_stone_trees_small,
          uniq_josephine
Lair:5:   layout_cave_pods, slime_altar_1, lemuel_centaur_altar
Lair:6:   hellmonk_lair_end_abyssal_woods, layout_regular_city

Skill      XL: |  1  2  3  4  5  6  7  8  9 10 11 12 13 14 |
---------------+-------------------------------------------+-----
Fighting       | 3 4 5 6 7 9 10 | 10.7
Unarmed Combat | 4 5 6 8 9 11 | 11.1
Armour         | 1 2 3 4 5 8 11 13 14 | 14.0
Dodging        | 3 4 5 6 |  6.4
Stealth        | 1 2 |  2.4
Shields        | 1 2 3 |  3.9
Maces & Flails | 1 5 7 9 |  9.8
Evocations     | |  0.2

Action                   |  1- 3 |  4- 6 |  7- 9 | 10-12 | 13-15 || total
-------------------------+-------+-------+-------+-------+-------++-------
Melee: Unarmed           |   146 |    70 |   283 |    79 |       ||   578
       Punch             |     1 |     1 |    10 |    34 |    38 ||    84
       Mace              |       |       |       |   531 |   592 ||  1123
Invok: Berserk           |       |     4 |     6 |    15 |    12 ||    37
       Brothers in Arms  |       |       |       |     4 |     3 ||     7
       Trog's Hand       |       |       |       |     4 |     3 ||     7
Evoke: Wand              |       |       |       |     3 |     2 ||     5
       Box of beasts     |       |       |       |       |     1 ||     1
  Use: Scroll            |       |     6 |       |    19 |     3 ||    28
       Potion            |       |       |       |     5 |    10 ||    15
 Stab: Sleeping          |       |       |     1 |     2 |       ||     3
       Distracted        |       |       |       |     1 |       ||     1
       Petrified         |       |       |       |       |     2 ||     2
Armor: Animal skin       |    65 |    21 |    68 |    34 |       ||   188
       Gold dragon scale |       |       |       |   730 |   847 ||  1577
Dodge: Dodged            |   102 |    32 |   119 |   224 |   235 ||   712
Block: Other             |       |       |    29 |   209 |    32 ||   270
       Reflection        |       |       |       |     2 |       ||     2

Table legend: (Time is in decaauts)
 A = Elapsed time spent in this place.
 B = Non-inter-level travel time spent in this place.
 C = Inter-level travel time spent in this place.
 D = Time resting spent in this place.
 E = Time spent auto-exploring this place.
 F = Levels seen in this place.
 G = Mean time per level.
                   A        B        C        D        E       F      G
               +--------+--------+--------+--------+--------+-----+--------+
         Total |  16991 |  16190 |    801 |   1296 |  11548 |  17 |  999.5 |
       Dungeon |   9962 |   9279 |    683 |    977 |   6713 |  10 |  996.2 |
          Lair |   6350 |   6232 |    118 |    205 |   4520 |   6 | 1058.3 |
         Abyss |    678 |    678 |      0 |    114 |    314 |   1 |  678.0 |
               +--------+--------+--------+--------+--------+-----+--------+

Top non-repeatable levels by time:
     D:9: 1708 daAuts
     D:8: 1579 daAuts
     D:5: 1481 daAuts
  Lair:4: 1270 daAuts
  Lair:5: 1185 daAuts
  Lair:6: 1126 daAuts
  Lair:3: 1106 daAuts
     D:6: 1060 daAuts
     D:4: 976 daAuts
     D:7: 929 daAuts
  Lair:1: 899 daAuts
  Lair:2: 762 daAuts
 Abyss:1: 678 daAuts
     D:1: 634 daAuts
    D:10: 564 daAuts
